 Dungeon Sprint DCSS version 0.28.0-43-g3370ac3207 (webtiles) character file.

Game seed: 13463417133634524334

26465 boopmooplesden the Minotaur Blade (level 12, -10/125 HPs)
             Began as a Minotaur Berserker on Mar 16, 2022.
             Was the Champion of Trog.
             Killed by an exploding ball lightning (13 damage)
             ... in the Dungeon (Sprint I: "Red Sonja").
             The game lasted 00:14:41 (4943 turns).

boopmooplesden the Minotaur Blade (MiBe)            Turns: 4943, Time: 00:14:43

Health: -10/125    AC: 16    Str: 16    XL:     12   Next: 98%
Magic:  2/16       EV: 19    Int:  2    God:    Trog [******]
Gold:   1548       SH:  0    Dex: 21    Spells: 11/11 levels left

rFire   + . .      SeeInvis .   b - +8 triple sword (flame)
rCold   + + +      Faith    .   (shield currently unavailable)
rNeg    + . .      Spirit   .   B - +4 swamp dragon scales of Qoph {rElec rPois rN+ Str-4 Slay+5}
rPois   +          Reflect  .   (helmet restricted)
rElec   +          Harm     .   k - scarf {rC+ rF+}
rCorr   .          Rampage  .   (no gloves)
Will    .....      Rage     9%  v - +0 pair of boots
Stlth   ++........ NoTele   +   C - amulet of regeneration
HPRegen 1.10/turn               x - ring of Balance {rC+ Dex+6}
MPRegen 0.15/turn               u - ring "Lumuva" {rPois rC+ MP+9 Dex+6}

@: on berserk cooldown, slowed, unable to read, very slow
A: horns 2, retaliatory headbutt, iridescent scales 1, berserk 3, clumsy 2,
deformed body, dopey 1, frail 1, low MP 3, weak 2, subdued magic 1, inability to
read while threatened
a: Renounce Religion, Berserk, Trog's Hand, Brothers in Arms


You were in the Dungeon.
You worshipped Trog.
Trog was exalted by your worship.
You visited 1 branch You collected 4925 gold pieces.
You spent 3377 gold pieces at shops.

Inventory:

Hand Weapons
 a - a +0 falchion
 b - a +8 triple sword of flaming (weapon)
 j - a +3 vorpal scimitar
 o - a +0 vorpal great mace
 p - a +4 great sword
 E - the +12 war axe "Wede" {holy, Str+6 Int+7}
   (You found it in the Dungeon)

   It has been blessed by the Shining One to cause great damage to the undead
   and demons.
   Str:       It affects your strength (+6).
   Int:       It affects your intelligence (+7).
Armour
 k - a scarf of resistance (worn)
 m - the +0 cloak "Funny" {Stlth+}
   (You bought it in a shop in the Dungeon)

   Stlth:     It makes you more stealthy.
 n - a +3 scale mail of poison resistance
 v - a +0 pair of boots (worn)
 z - a +2 chain mail of fire resistance
 B - the +4 swamp dragon scales of Qoph (worn) {rElec rPois rN+ Str-4 Slay+5}
   (You bought it in a shop in the Dungeon)

   Str:       It affects your strength (-4).
   Slay:      It affects your accuracy & damage with ranged weapons and melee
   (+5).
   rElec:     It insulates you from electricity.
   rPois:     It protects you from poison.
   rN:        It protects you from negative energy.
 D - +0 shadow dragon scales
Jewellery
 q - the ring of Ififf {EV+4 Stlth+}
   (You found it in the Dungeon)

   [ring of evasion]

   EV:        It affects your evasion (+4).
   Stlth:     It makes you more stealthy.
 s - a ring of flight
 u - the ring "Lumuva" (right hand) {rPois rC+ MP+9 Dex+6}
   (You acquired it in the Dungeon)

   [ring of dexterity]

   Dex:       It affects your dexterity (+6).
   rC:        It protects you from cold.
   rPois:     It protects you from poison.
   MP:        It affects your magic capacity (+9).
 x - the ring of Balance (left hand) {rC+ Dex+6}
   (You found it in the Dungeon)

   [ring of dexterity]

   Dex:       It affects your dexterity (+6).
   rC:        It protects you from cold.
 y - a ring of resist corrosion
 C - an amulet of regeneration (around neck)
Wands
 i - a wand of flame (38)
Scrolls
 h - a scroll of blinking
 l - 2 scrolls of identify
 w - 2 scrolls of immolation
 A - a scroll of fog
Potions
 c - 3 potions of curing
 d - a potion of heal wounds
 e - a potion of haste
 f - 2 potions of magic
 g - 2 potions of berserk rage
 t - a potion of lignification {unknown}
 F - a potion of might
Miscellaneous
 r - a piece from Xom's chessboard (15/15)


   Skills:
 + Level 22.9 Fighting
 + Level 25.5 Long Blades
 + Level 15.7 Armour
 + Level 11.7 Dodging
 + Level 6.5 Stealth
 + Level 2.2 Evocations


You had 11 spell levels left.
You didn't know any spells.
Your spell library was empty.

Dungeon Overview and Level Annotations

Branches:
Dungeon (1/1)

Altars:
Cheibriados
Dithmenos
Elyvilon
Fedhas
Gozag
Hepliaklqana
Kikubaaqudgha
Makhleb
Nemelex Xobeh
Okawaru
Qazlal
Ru
Sif Muna
Trog
Uskayaw
Vehumet
Wu Jian
Xom
Yredelemnul
Zin
The Shining One
Jiyva
Lugonu

Shops:
D [=!([?(:??[(=!!?**:[?:

Annotations:
D Lom Lobon


Innate Abilities, Weirdness & Mutations

You have a pair of horns on your head.
You reflexively headbutt those who attack you in melee.
You are partially covered in iridescent scales. (AC +2)
You have an uncontrollable temper.
You are very clumsy. (Dex -4)
Armour fits poorly on your strangely shaped body.
You are dopey. (Int -2)
You are frail. (-10% HP)
Your magical capacity is extremely low. (-30% MP)
You are very weak. (Str -4)
Your spells are a little easier to cast, but a little less powerful.
You sometimes lose the ability to read scrolls when taking damage.


Message History

You cut Lom Lobon into ribbons!!! You burn Lom Lobon. You headbutt Lom Lobon!
Lom Lobon is severely wounded.
You are engulfed in whirling frost.
You float gracefully downwards.
Lom Lobon gestures. 3 ball lightnings come into view.
You closely miss Lom Lobon. Your headbutt misses Lom Lobon.
Lom Lobon is severely wounded.
You are engulfed in whirling frost.
You hit Lom Lobon.
Lom Lobon is almost dead.
The ball lightning explodes!
The blast of lightning engulfs you!! You resist.
* * * LOW HITPOINT WARNING * * *
The blast of lightning engulfs Lom Lobon.
Lom Lobon completely resists.
The blast of lightning engulfs the ball lightning.
The ball lightning completely resists.
The blast of lightning engulfs the ball lightning.
The ball lightning completely resists.
The ball lightning explodes!
The blast of lightning engulfs you! You resist.
* * * LOW HITPOINT WARNING * * *
The blast of lightning engulfs the ball lightning.
The ball lightning completely resists.
The blast of lightning engulfs Lom Lobon.
Lom Lobon completely resists.
Lom Lobon gestures.
Lom Lobon blinks!
Unknown command.
Unknown command.
You are too berserk!
You enter the shallow water.
Moving in this stuff is going to be slow.
You feel a strong urge to attack something.
You are no longer berserk.
You are exhausted.
You feel yourself slow down.
The ball lightning explodes!
The blast of lightning engulfs you! You resist.
You die...

#..#+###..≈#§§.§§§§§..#○○#
##...#.≈..##..§§§§.§..##)#
###.#.≈..#......:.§...#.#
#.###).#.......§....#°#
#.#.'..##..........##.#
####'#.##'##..........#○.#
###....#.#≈≈≈##........##..#
####)).####.#≈≈≈≈##.(..[:##.°.#
).)..### .^#≈≈≈@≈########..°.#
.##### ○####≈≈≈≈#§≈≈☼≈#°°.○.#
## ^○#..#'≈≈≈)○≈.≈§°°°°.°# # .°
#...##≈≈#≈○≈☼○#○≈°○°# ○○○
#....######'#####≈≈≈# ○&○
#....# ≈≈&≈ ##≈≈# ≈ ######
≈≈≈≈≈≈≈ ≈≈≈# ## ..≈≈≈≈≈≈≈#≈≈#
........≈≈≈#≈#


You could see Lom Lobon (gusty).

Vanquished Creatures
  the Lernaean hydra (D)
  A golden dragon (D)
  A shadow dragon (D)
  4 fire giants (D)
  A deep elf annihilator (D)
  A mummy priest (D)
  A hydra (D)
  2 centaur warriors (D)
  Sonja (D)
  A deep troll (D)
  A lindwurm (D)
  8 shining eyes (D)
  2 oklob plants (D)
  A merfolk siren (D)
  2 gargoyles (D)
  7 unseen horrors (D)
  4 demonic crawlers (D)
  2 kobold demonologists (D)
  A hellwing (D)
  4 hornets (D)
  A slime creature (D)
  Sigmund (D)
  A yak (D)
  13 hogs (D)
  2 redbacks (D)
  7 floating eyes (D)
  7 necrophages (D)
  An ogre (D)
  8 jellies (D)
  Ijyb (D)
  A ballistomycete spore (D)
89 creatures vanquished.

Vanquished Creatures (others)
  A deep elf master archer (D)
  A merfolk siren (D)
  A hornet (D)
  3 ball lightnings (D)
  A ballistomycete spore (D)
7 creatures vanquished.

Grand Total: 96 creatures vanquished

Notes
Turn   | Place    | Note
-------+----------+-------------------------------------------
     0 | D        | boopmooplesden the Minotaur Berserker began the quest for
                  | the Orb.
     0 | D        | Reached XP level 1. HP: 19/19 MP: 0/0
     3 | D        | Noticed Ijyb
     8 | D        | Killed Ijyb
     9 | D        | Reached skill level 5 in Fighting
     9 | D        | Reached skill level 5 in Long Blades
     9 | D        | Reached XP level 2. HP: 15/30 MP: 1/1
   297 | D        | Noticed an ogre
   300 | D        | Killed an ogre
   301 | D        | Reached skill level 7 in Long Blades
   301 | D        | Reached XP level 3. HP: 40/40 MP: 2/2
   301 | D        | Reached XP level 4. HP: 48/48 MP: 3/3
   353 | D        | Noticed Sigmund
   360 | D        | Killed Sigmund
   360 | D        | Reached ** piety under Trog
   361 | D        | Reached skill level 10 in Fighting
   361 | D        | Reached skill level 9 in Long Blades
   361 | D        | Reached skill level 5 in Armour
   361 | D        | Reached XP level 5. HP: 24/58 MP: 4/4
   610 | D        | Found a burning altar of Makhleb.
   610 | D        | Found a viscous altar of Jiyva.
   610 | D        | Found a shimmering altar of Xom.
   610 | D        | Found a corrupted altar of Lugonu.
   610 | D        | Noticed a slime creature
   616 | D        | Killed a slime creature
   617 | D        | Reached skill level 11 in Long Blades
   617 | D        | Reached skill level 5 in Dodging
   617 | D        | Reached skill level 1 in Stealth
   617 | D        | Reached XP level 6. HP: 62/68 MP: 5/5
   731 | D        | Noticed a kobold demonologist
   731 | D        | Noticed a floating eye
   733 | D        | Noticed a kobold demonologist
   734 | D        | Killed a floating eye
   735 | D        | Reached XP level 7. HP: 75/75 MP: 6/6
   737 | D        | Killed a kobold demonologist
   737 | D        | Reached *** piety under Trog
   738 | D        | Reached skill level 12 in Long Blades
   744 | D        | Killed a kobold demonologist
   745 | D        | Reached skill level 13 in Long Blades
   745 | D        | Reached XP level 8. HP: 86/86 MP: 7/7
   755 | D        | Found an ornate altar of the Wu Jian Council.
   755 | D        | Found a shimmering blue altar of Sif Muna.
   757 | D        | Found a radiant altar of Vehumet.
   784 | D        | Found Tuumn's Antique Weapon Emporium.
   784 | D        | Found an ancient bone altar of Kikubaaqudgha.
   784 | D        | Found a hazy altar of Hepliaklqana.
   784 | D        | Found a hide-covered altar of Uskayaw.
   784 | D        | Found a basalt altar of Yredelemnul.
   784 | D        | Found an opulent altar of Gozag.
   784 | D        | Found a snail-covered altar of Cheibriados.
   784 | D        | Found a sacrificial altar of Ru.
   784 | D        | Found a shadowy altar of Dithmenos.
   789 | D        | Reached **** piety under Trog
   790 | D        | Found a stormy altar of Qazlal.
   790 | D        | Found a blossoming altar of Fedhas.
   790 | D        | Found a bloodstained altar of Trog.
   790 | D        | Found an iron altar of Okawaru.
   790 | D        | Found a glowing golden altar of the Shining One.
   790 | D        | Found a glowing silver altar of Zin.
   790 | D        | Found a white marble altar of Elyvilon.
   791 | D        | Found a sparkling altar of Nemelex Xobeh.
   933 | D        | Noticed a centaur warrior
   934 | D        | Noticed a centaur warrior
   948 | D        | Killed a centaur warrior
   949 | D        | Reached skill level 14 in Long Blades
   955 | D        | Killed a centaur warrior
   956 | D        | Reached skill level 15 in Fighting
   956 | D        | Reached skill level 15 in Long Blades
   956 | D        | Reached XP level 9. HP: 14/97 MP: 8/8
  1287 | D        | Paralysed by a hornet for 3 turns
  1294 | D        | Reached skill level 16 in Long Blades
  1456 | D        | Noticed a deep troll
  1462 | D        | Killed a deep troll
  1474 | D        | Found Gowuu's Armour Emporium.
  1479 | D        | Bought the +0 cloak "Funny" {Stlth+} for 171 gold pieces
  1479 | D        | Bought a +2 scale mail of poison resistance for 216 gold
                  | pieces
  1513 | D        | Noticed an oklob plant
  1522 | D        | Killed an oklob plant
  1667 | D        | Reached skill level 17 in Long Blades
  1667 | D        | Reached skill level 10 in Armour
  1894 | D        | Killed an unseen horror
  1894 | D        | Reached ***** piety under Trog
  1895 | D        | Reached XP level 10. HP: 111/111 MP: 9/9
  2248 | D        | Received a gift from Trog
  2313 | D        | Received a gift from Trog
  2331 | D        | Identified the ring of Ififf {EV+4 Stlth+}
  2347 | D        | Found Nynn's Book Shoppe.
  2347 | D        | Found Loigg's Antique Weapon Shop.
  2347 | D        | Found Xawith's Magic Scroll Boutique.
  2349 | D        | Found Anlonufesk's Magic Scroll Emporium.
  2349 | D        | Found Loask's Antique Armour Shop.
  2349 | D        | Found Quke's Antique Weapon Shoppe.
  2349 | D        | Found Hooma's Jewellery Boutique.
  2349 | D        | Found Raasis's Distillery.
  2349 | D        | Found Bazalox's Distillery.
  2349 | D        | Found Idicwixi's Magic Scroll Shoppe.
  2353 | D        | Found Ojayka's General Store.
  2354 | D        | Found Hasociul's Book Emporium.
  2354 | D        | Found Ekierad's Assorted Antiques.
  2355 | D        | Found Erchuur's Magic Scroll Emporium.
  2364 | D        | Bought a scroll of acquirement for 624 gold pieces
  2364 | D        | Acquired the ring "Lumuva" {rPois rC+ MP+9 Dex+6}
  2371 | D        | Bought a scroll labelled YRRODIM NUBREMM for 29 gold pieces
  2371 | D        | Bought a scroll labelled NEBRAA JUWOA for 29 gold pieces
  2371 | D        | Bought a scroll labelled NITENLUUKK for 29 gold pieces
  2656 | D        | Bought a runed scarf for 144 gold pieces
  2724 | D        | Noticed Sonja
  2728 | D        | Killed Sonja
  2729 | D        | Reached skill level 18 in Long Blades
  2787 | D        | Found Dipogac's Armour Boutique.
  2796 | D        | Noticed a shining eye
  2796 | D        | Noticed a shining eye
  2796 | D        | Noticed a shining eye
  2799 | D        | Gained mutation: Armour fits poorly on your strangely
                  | shaped body. [a shining eye]
  2800 | D        | Paralysed by a floating eye for 4 turns
  2806 | D        | Noticed a shining eye
  2806 | D        | Noticed a shining eye
  2806 | D        | Noticed a shining eye
  2806 | D        | Gained mutation: You are partially covered in iridescent
                  | scales. (AC +2) [a shining eye]
  2808 | D        | Gained mutation: You are clumsy. (Dex -2) [a shining eye]
  2810 | D        | Killed a shining eye
  2810 | D        | Gained mutation: Your magical capacity is low. (-10% MP) [a
                  | shining eye]
  2811 | D        | Reached skill level 1 in Evocations
  2812 | D        | Paralysed by a floating eye for 3 turns
  2813 | D        | Gained mutation: You tend to lose your temper in combat. [a
                  | shining eye]
  2813 | D        | Gained mutation: You often lose your temper in combat. [a
                  | shining eye]
  2815 | D        | Gained mutation: Your magical capacity is very low. (-20%
                  | MP) [a shining eye]
  2816 | D        | Killed a shining eye
  2816 | D        | Reached ****** piety under Trog
  2817 | D        | Reached skill level 10 in Dodging
  2818 | D        | Killed a shining eye
  2818 | D        | Gained mutation: You sometimes lose the ability to read
                  | scrolls when taking damage. [a shining eye]
  2819 | D        | Paralysed by a floating eye for 3 turns
  2820 | D        | Gained mutation: Potions are less effective at restoring
                  | your health. [a shining eye]
  2821 | D        | Gained mutation: You are very clumsy. (Dex -4) [a shining
                  | eye]
  2822 | D        | Received a gift from Trog
  2824 | D        | Gained mutation: You have an uncontrollable temper. [a
                  | shining eye]
  2826 | D        | Killed a shining eye
  2826 | D        | Lost mutation: Armour fits poorly on your strangely shaped
                  | body. [a shining eye]
  2827 | D        | Gained mutation: Armour fits poorly on your strangely
                  | shaped body. [a shining eye]
  2827 | D        | Paralysed by a floating eye for 2 turns
  2830 | D        | Gained mutation: You have hidden genetic defects. [a
                  | shining eye]
  2831 | D        | Killed a shining eye
  2832 | D        | Reached skill level 19 in Long Blades
  2832 | D        | Reached skill level 5 in Stealth
  2832 | D        | Reached XP level 11. HP: 121/121 MP: 7/7
  2833 | D        | Noticed a shining eye
  2833 | D        | Noticed a shining eye
  2833 | D        | Gained mutation: You have terrible hidden genetic defects.
                  | [a shining eye]
  2837 | D        | Gained mutation: You are weak. (Str -2) [a shining eye]
  2838 | D        | Gained mutation: You are dopey. (Int -2) [a shining eye]
  2841 | D        | Killed a shining eye
  2841 | D        | Lost mutation: Potions are less effective at restoring your
                  | health. [a shining eye]
  2843 | D        | Killed a shining eye
  2847 | D        | Killed a shining eye
  2860 | D        | Gained mutation: You are very weak. (Str -4) [hidden
                  | defects]
  2863 | D        | Found Vuleg's Antique Armour Shop.
  2863 | D        | Found Veozutt's Jewellery Shoppe.
  2863 | D        | Found Soubloarosch's Magic Scroll Boutique.
  2863 | D        | Found Pexieh Duke's Distillery.
  2921 | D        | Received a gift from Trog
  2931 | D        | Reached skill level 20 in Long Blades
  2937 | D        | Noticed a lindwurm
  2942 | D        | Killed a lindwurm
  2969 | D        | Gained mutation: Your magical capacity is extremely low.
                  | (-30% MP) [hidden defects]
  2969 | D        | Lost mutation: You have terrible hidden genetic defects.
                  | [hidden defects expressed]
  2972 | D        | Received a gift from Trog
  2975 | D        | Reached skill level 21 in Long Blades
  3103 | D        | Noticed a 12-headed hydra
  3107 | D        | Killed a ten-headed hydra
  3110 | D        | Received a gift from Trog
  3173 | D        | Noticed a deep elf annihilator
  3188 | D        | Reached skill level 22 in Long Blades
  3237 | D        | Noticed a mummy priest
  3240 | D        | Killed a deep elf annihilator
  3241 | D        | Reached XP level 12. HP: 103/134 MP: 7/7
  3303 | D        | Bought a ring of flight for 210 gold pieces
  3357 | D        | Noticed a daeva
  3361 | D        | Received a gift from Trog
  3363 | D        | Reached skill level 23 in Long Blades
  3378 | D        | Gained mutation: Your spells are a little easier to cast,
                  | but a little less powerful. [hidden defects]
  3387 | D        | Noticed a fire giant
  3389 | D        | Noticed a fire giant
  3390 | D        | Noticed a fire giant
  3392 | D        | Killed a fire giant
  3392 | D        | Received a gift from Trog
  3394 | D        | Killed a fire giant
  3399 | D        | Noticed a fire giant
  3401 | D        | Killed a fire giant
  3402 | D        | Reached skill level 24 in Long Blades
  3408 | D        | Killed a fire giant
  3422 | D        | Gained mutation: You are frail. (-10% HP) [hidden defects]
  3422 | D        | Lost mutation: You have hidden genetic defects. [hidden
                  | defects expressed]
  3692 | D        | Killed a mummy priest
  3698 | D        | Identified the ring of Balance {rC+ Dex+6}
  3990 | D        | Noticed the 27-headed Lernaean hydra
  3995 | D        | Killed the 24-headed Lernaean hydra
  3995 | D        | Received a gift from Trog
  3996 | D        | Reached skill level 25 in Long Blades
  3996 | D        | Reached skill level 15 in Armour
  4043 | D        | Noticed a deep elf master archer
  4586 | D        | Bought ichor-stained swamp dragon scales for 1595 gold
                  | pieces
  4586 | D        | Identified the +4 swamp dragon scales of Qoph {rElec rPois
                  | rN+ Str-4 Slay+5} (You bought it in a shop in the Dungeon)
  4602 | D        | Bought an amulet of regeneration for 330 gold pieces
  4721 | D        | Noticed a shadow dragon
  4721 | D        | Noticed a golden dragon
  4732 | D        | Killed a golden dragon
  4737 | D        | Killed a shadow dragon
  4745 | D        | Identified the +12 war axe "Wede" {holy, Str+6 Int+7}
  4804 | D        | Found Alibbim's Book Shoppe.
  4852 | D        | Noticed Lom Lobon
  4927 | D        | Identified the ring "Aloqe" {Will+ Int+6}
  4928 | D        | Killed a deep elf master archer
  4941 | D        | HP: 1/187 [spore (16)]
  4943 | D        | Killed by an exploding ball lightning

Illustrated notes

Levels and vault maps discovered:
D:        dungeon_sprint_1 [red_sonja_temple_1, red_sonja_temple_small_1]

Skill      XL: |  1  2  3  4  5  6  7  8  9 10 11 12 |
---------------+-------------------------------------+-----
Fighting       | 5 8 10 11 13 15 17 18 20 22 | 22.9
Long Blades    | 5 7 9 11 13 15 17 19 22 25 | 25.5
Armour         | 3 4 5 6 7 9 10 12 14 15 | 15.7
Dodging        | 3 4 5 6 8 9 10 11 | 11.7
Stealth        | 1 2 3 5 6 |  6.5
Evocations     | 1 2 |  2.2

Action                   |  1- 3 |  4- 6 |  7- 9 | 10-12 || total
-------------------------+-------+-------+-------+-------++-------
Melee: Falchion          |     6 |    11 |    59 |    54 ||   130
       Headbutt          |     1 |     1 |    14 |    47 ||    63
       Punch             |       |       |     3 |     1 ||     4
       Great sword       |       |       |       |    34 ||    34
       Triple sword      |       |       |       |   112 ||   112
Invok: Berserk           |     2 |     2 |     7 |     8 ||    19
Evoke: Wand              |       |       |       |     3 ||     3
  Use: Scroll            |       |       |     1 |     5 ||     6
 Stab: Sleeping          |       |       |       |     3 ||     3
Armor: Leather armour    |       |       |    10 |       ||    10
       Scale mail        |       |       |     5 |    72 ||    77
       Swamp dragon scal |       |       |       |     4 ||     4
Dodge: Dodged            |       |     2 |    21 |    95 ||   118
